Canucks vs Flames

Created - October 2, 2015 at 18:29

Simulating a Pre-Season

Goals
1 2 3 T
Canucks 0 0 2 2
Flames 0 3 1 4
Shots
1 2 3 T
Canucks 10 4 9 23
Flames 5 12 5 22

1st period

No Goal

Penalties :
No Penalty

2nd period

1. Flames , Matt Cullen 2 (Jack Johnson, Ryan Kesler) at 4:04 (PP)
2. Flames , Patrik Elias 1 (Anze Kopitar, Erik Johnson) at 4:47 (PP)
3. Flames , Stephane Robidas 1 (Patrik Elias, Mike Cammalleri) at 10:51

Penalties :
Jimmy Hayes (VAN) for Checking from behind (Major / Game Misconduct) at 3:04, Ladislav Smid (CGY) for Interference (Minor) at 16:08, Chris Kreider (VAN) for Roughing (Minor) at 16:08

3rd period

4. Flames , Alex Tanguay 6 (Anze Kopitar, Erik Johnson) at 5:52
5. Canucks , Ryan Strome 1 (Alex Pietrangelo, Chris Kreider) at 6:16
6. Canucks , Ryan Johansen 4 (Claude Giroux, Andrei Markov) at 17:13

Penalties :
Justin Faulk (CGY) for Hooking (Minor) at 0:41, Jack Johnson (CGY) for Goalie Interference (Minor) at 12:42, Brent Burns (VAN) for Hooking (Minor) at 18:20

Goalie Stats

Dustin Tokarski (VAN), 7 saves from 8 shots - (0.875), 29:09 minutes
Henrik Lundqvist (VAN), 11 saves from 14 shots - (0.786), L, 4-4-0, 30:51 minutes
Jonathan Quick (CGY), 21 saves from 23 shots - (0.913), W, 4-3-0, 60:00 minutes

Players Stats for Canucks

Player Name              G  A  P  +/- PIM S  H  SB GA TA FO     MP     PP MP  PK MP  
------------------------------------------------------------------------------------
Adam Henrique            0  0  0  -2  0   4  0  0  0  0  4/19   17:58   1:52   3:23 
Alex Pietrangelo         0  1  1   1  0   0  1  1  0  0  0/0    23:31   1:39   3:05 
Andrei Markov            0  1  1  -1  0   1  2  2  0  0  0/0    21:47   1:39   3:05 
Brent Burns              0  0  0  -1  2   0  3  0  0  0  0/0    21:52   2:19   2:45 
Chris Kreider            0  1  1   1  2   1  3  1  0  0  0/0    12:05   0:00   0:38 
Claude Giroux            0  1  1   1  0   1  1  1  0  0  12/24  20:05   2:06   0:00 
Dmitrij Jaskin           0  0  0  -2  0   1  1  0  0  0  1/1    12:03   0:00   0:00 
Erik Karlsson            0  0  0   1  0   1  3  2  0  0  0/0    20:57   2:19   0:00 
Jimmy Hayes              0  0  0   0  15  0  1  0  0  0  0/0     6:33   0:00   0:00 
Jonas Brodin             0  0  0   0  0   1  0  0  0  0  0/0    17:07   0:00   3:33 
Logan Couture            0  0  0  -2  0   4  1  0  0  0  0/0    14:46   2:06   0:00 
Marcus Kruger            0  0  0   0  0   0  0  0  0  0  7/14   10:29   0:00   3:15 
Matt Cooke               0  0  0   1  0   0  1  0  0  0  0/1    14:58   0:00   3:15 
Phil Kessel              0  0  0   1  0   3  0  0  0  0  1/1    18:47   1:52   0:00 
Reilly Smith             0  0  0   0  0   0  1  0  0  0  0/0     7:14   0:00   0:00 
Ryan Johansen            1  0  1   1  0   2  1  0  0  0  0/1    19:01   2:06   0:00 
Ryan Strome              1  0  1   1  0   4  1  0  0  0  10/17  14:37   1:52   0:00 
Simon Despres            0  0  0   0  0   0  2  0  0  0  0/0    17:30   0:00   3:33 

Players Stats for Flames

Player Name              G  A  P  +/- PIM S  H  SB GA TA FO     MP     PP MP  PK MP  
------------------------------------------------------------------------------------
Alex Tanguay             1  0  1  -1  0   3  1  2  0  0  4/6    23:49   3:41   2:05 
Andrew MacDonald         0  0  0   0  0   0  0  0  0  0  0/0     1:00   0:00   0:48 
Andrew Miller            0  0  0   0  0   1  0  0  0  0  0/0    14:18   0:00   0:00 
Anze Kopitar             0  2  2  -1  0   2  1  0  0  0  15/24  23:54   3:41   2:05 
Barret Jackman           0  0  0   0  0   0  1  0  0  0  0/0     5:45   0:00   0:00 
Dustin Brown             0  0  0   1  0   2  2  0  0  0  0/1    19:55   2:57   0:00 
Erik Johnson             0  2  2   0  0   1  2  0  0  0  0/0    22:30   3:34   1:46 
Jack Johnson             0  1  1   0  2   2  3  1  0  0  0/0    19:23   3:04   1:12 
Jared Spurgeon           0  0  0   0  0   0  0  1  0  0  0/0    13:16   0:00   0:00 
Justin Faulk             0  0  0   0  2   1  2  3  0  0  0/0    19:15   0:00   0:00 
Ladislav Smid            0  0  0   0  2   0  0  1  0  0  0/0    16:15   3:04   1:58 
Matt Cullen              1  0  1   0  0   4  0  0  0  0  11/19  17:08   2:57   0:00 
Mike Cammalleri          0  1  1   1  0   1  0  0  0  0  2/4    16:58   0:00   0:00 
Patrick Dwyer            0  0  0  -1  0   0  1  0  0  0  0/0    13:58   0:00   0:00 
Patrik Elias             1  1  2   1  0   3  0  0  0  0  8/19   22:32   3:41   1:53 
Ryan Kesler              0  1  1   0  0   1  2  0  0  0  3/5    21:19   2:57   1:53 
Stephane Robidas         1  0  1   0  0   1  1  0  0  0  0/0    11:14   0:00   0:00 
Thomas Hickey            0  0  0   0  0   0  1  1  0  0  0/0    11:31   3:34   2:12 

3 Stars

1 - Patrik Elias (CGY)
2 - Ryan Johansen (VAN)
3 - Ryan Strome (VAN)

Power Play

Canucks - 0 on 2 Attempt(s) - 0.00%
Flames - 2 on 4 Attempt(s) - 50.00%

Penalty Kill

Canucks - 2 on 4 Attempt(s) - 50.00% - Score 0 goal in Penalty Kill
Flames - 2 on 2 Attempt(s) - 100.00% - Score 0 goal in Penalty Kill

Team Stat

Canucks - Hits : 22 - Faceoff Wins : 35 - Blocked Shots : 7 - Penalty Minutes : 19
Flames - Hits : 17 - Faceoff Wins : 43 - Blocked Shots : 9 - Penalty Minutes : 6

Official

Referees : Tim Peel and Chris Rooney
Linesman : Mike Cvik and Pierre Champoux

Game Notes

Jimmy Hayes ejected from game at 3:04 of 2nd period
Dustin Tokarski enters game at 10:51 of 2nd period

% Time on Ice - Canucks

Lines # - Real PCT - Wanted PCT - Time Play
Normal Forward
1 - 36% - 36% - 16:55
2 - 27% - 28% - 12:40
3 - 24% - 24% - 11:28
4 - 13% - 12% - 6:22
Normal Defense
1 - 37% - 37% - 17:20
2 - 34% - 34% - 16:11
3 - 28% - 29% - 13:05
4 - 2% - 0% - 0:49
PP Forward
1 - 53% - 60% - 2:06
2 - 47% - 40% - 1:52
PP Defense
1 - 58% - 58% - 2:19
2 - 42% - 42% - 1:39
PK Forward
1 - 49% - 51% - 3:15
2 - 51% - 49% - 3:23
PK Defense
1 - 46% - 50% - 3:05
2 - 54% - 50% - 3:33
PK3 Forward
1 - 0% - 52%
2 - 0% - 48%
PK3 Defense
1 - 0% - 51%
2 - 0% - 49%
44 Forward
1 - 56% - 55% - 1:07
2 - 44% - 45% - 0:52
44 Defense
1 - 68% - 52% - 1:21
2 - 32% - 48% - 0:38
Last Minute Offensive  - 0:00
Last Minute Defensive  - 0:00
Total
Forward - 60:00
Defense - 60:00

% Time on Ice - Flames

Lines # - Real PCT - Wanted PCT - Time Play
Normal Forward
1 - 29% - 35% - 13:51
2 - 36% - 35% - 16:58
3 - 30% - 15% - 14:11
4 - 5% - 15% - 2:25
Normal Defense
1 - 36% - 40% - 17:17
2 - 28% - 30% - 13:09
3 - 24% - 20% - 11:14
4 - 12% - 10% - 5:45
PP Forward
1 - 56% - 50% - 3:41
2 - 44% - 50% - 2:57
PP Defense
1 - 54% - 50% - 3:34
2 - 46% - 50% - 3:04
PK Forward
1 - 53% - 50% - 2:05
2 - 47% - 50% - 1:53
PK Defense
1 - 45% - 50% - 1:46
2 - 55% - 50% - 2:12
PK3 Forward
1 - 0% - 50%
2 - 0% - 50%
PK3 Defense
1 - 0% - 50%
2 - 0% - 50%
44 Forward
1 - 100% - 50% - 1:59
2 - 0% - 50% - 0:00
44 Defense
1 - 0% - 50% - 0:00
2 - 100% - 50% - 1:59
Last Minute Offensive  - 0:00
Last Minute Defensive  - 0:00
Total
Forward - 60:00
Defense - 60:00

Play by Play

1st period


0:01 of 1st period - Anze Kopitar wins face-off versus Claude Giroux in neutral zone.
0:09 of 1st period - Anze Kopitar is hit by Erik Karlsson.
0:37 of 1st period - Shot by Anze Kopitar.
0:37 of 1st period - Shot Misses the Net.
1:49 of 1st period - Jimmy Hayes is hit by Dustin Brown and loses puck.
2:14 of 1st period - Shot by Ryan Kesler.
2:14 of 1st period - Stopped by Henrik Lundqvist with a rebound.
2:18 of 1st period - Shot by Andrew Miller.
2:18 of 1st period - Shot Misses the Net.
2:22 of 1st period - Shot by Matt Cullen.
2:22 of 1st period - Stopped by Henrik Lundqvist without a rebound.
2:23 of 1st period - Dmitrij Jaskin wins face-off versus Anze Kopitar in Canucks zone.
3:05 of 1st period - Icing by Patrick Dwyer.
3:06 of 1st period - Anze Kopitar wins face-off versus Ryan Strome in Flames zone.
3:14 of 1st period - Off-side.
3:15 of 1st period - Ryan Strome wins face-off versus Patrik Elias in neutral zone.
3:36 of 1st period - Shot by Chris Kreider.
3:36 of 1st period - Shot Blocked by Justin Faulk.
4:24 of 1st period - Shot by Phil Kessel.
4:24 of 1st period - Shot Misses the Net.
4:26 of 1st period - Shot by Erik Karlsson.
4:26 of 1st period - Stopped by Jonathan Quick with a rebound.
5:17 of 1st period - Icing by Justin Faulk.
5:18 of 1st period - Marcus Kruger wins face-off versus Dustin Brown in Flames zone.
5:39 of 1st period - Shot by Reilly Smith.
5:39 of 1st period - Shot Misses the Net.
5:55 of 1st period - Alex Tanguay is hit by Dmitrij Jaskin and loses puck.
6:06 of 1st period - Jonas Brodin is hit by Anze Kopitar and loses puck.
6:26 of 1st period - Off-side.
6:27 of 1st period - Adam Henrique wins face-off versus Matt Cullen in neutral zone.
6:37 of 1st period - Shot by Logan Couture.
6:37 of 1st period - Stopped by Jonathan Quick without a rebound.
6:38 of 1st period - Anze Kopitar wins face-off versus Claude Giroux in Flames zone.
6:53 of 1st period - Shot by Anze Kopitar.
6:53 of 1st period - Stopped by Henrik Lundqvist without a rebound.
6:54 of 1st period - Matt Cullen wins face-off versus Adam Henrique in Canucks zone.
6:58 of 1st period - Icing by Adam Henrique.
6:59 of 1st period - Matt Cullen wins face-off versus Adam Henrique in Canucks zone.
7:20 of 1st period - Shot by Adam Henrique.
7:20 of 1st period - Stopped by Jonathan Quick without a rebound.
7:21 of 1st period - Anze Kopitar wins face-off versus Ryan Strome in Flames zone.
7:36 of 1st period - Shot by Ryan Strome.
7:36 of 1st period - Stopped by Jonathan Quick without a rebound.
7:37 of 1st period - Claude Giroux wins face-off versus Matt Cullen in Flames zone.
7:44 of 1st period - Shot by Phil Kessel.
7:44 of 1st period - Deflect By Claude Giroux.
7:44 of 1st period - Stopped by Jonathan Quick with a rebound.
7:46 of 1st period - Shot by Phil Kessel.
7:46 of 1st period - Shot Misses the Net.
7:54 of 1st period - Shot by Ryan Johansen.
7:54 of 1st period - Shot Misses the Net.
7:56 of 1st period - Shot by Andrei Markov.
7:56 of 1st period - Shot Misses the Net.
8:00 of 1st period - Shot by Ryan Johansen.
8:00 of 1st period - Shot Blocked by Jared Spurgeon.
8:14 of 1st period - Shot by Phil Kessel.
8:14 of 1st period - Shot Misses the Net.
9:15 of 1st period - Shot by Logan Couture.
9:15 of 1st period - Stopped by Jonathan Quick without a rebound.
9:16 of 1st period - Ryan Strome wins face-off versus Patrik Elias in Flames zone.
9:19 of 1st period - Shot by Ryan Strome.
9:19 of 1st period - Shot Misses the Net.
9:57 of 1st period - Shot by Mike Cammalleri.
9:57 of 1st period - Shot Misses the Net.
10:05 of 1st period - Icing by Mike Cammalleri.
10:06 of 1st period - Claude Giroux wins face-off versus Patrik Elias in Flames zone.
10:17 of 1st period - Shot by Phil Kessel.
10:17 of 1st period - Stopped by Jonathan Quick without a rebound.
10:18 of 1st period - Anze Kopitar wins face-off versus Adam Henrique in Flames zone.
10:24 of 1st period - Off-side.
10:25 of 1st period - Claude Giroux wins face-off versus Anze Kopitar in neutral zone.
11:07 of 1st period - Shot by Erik Karlsson.
11:07 of 1st period - Shot Misses the Net.
11:28 of 1st period - Shot by Andrei Markov.
11:28 of 1st period - Shot Blocked by Justin Faulk.
11:51 of 1st period - Shot by Adam Henrique.
11:51 of 1st period - Stopped by Jonathan Quick without a rebound.
11:52 of 1st period - Ryan Strome wins face-off versus Mike Cammalleri in Flames zone.
11:59 of 1st period - Shot by Chris Kreider.
11:59 of 1st period - Stopped by Jonathan Quick without a rebound.
12:00 of 1st period - Ryan Strome wins face-off versus Patrik Elias in Flames zone.
12:00 of 1st period - Ryan Strome is hit by Jack Johnson.
12:11 of 1st period - Icing by Jack Johnson.
12:12 of 1st period - Claude Giroux wins face-off versus Patrik Elias in Flames zone.
13:15 of 1st period - Shot by Matt Cullen.
13:15 of 1st period - Stopped by Henrik Lundqvist with a rebound.
13:44 of 1st period - Icing by Barret Jackman.
13:45 of 1st period - Matt Cullen wins face-off versus Adam Henrique in Flames zone.
13:47 of 1st period - Andrew Miller is hit by Jimmy Hayes and loses puck.
14:28 of 1st period - Adam Henrique is hit by Thomas Hickey and loses puck.
14:42 of 1st period - Icing by Ryan Kesler.
14:43 of 1st period - Matt Cullen wins face-off versus Ryan Strome in Flames zone.
14:45 of 1st period - Icing by Ryan Kesler.
14:46 of 1st period - Matt Cullen wins face-off versus Ryan Strome in Flames zone.
15:27 of 1st period - Icing by Anze Kopitar.
15:28 of 1st period - Marcus Kruger wins face-off versus Anze Kopitar in Flames zone.
15:28 of 1st period - Alex Pietrangelo is hit by Justin Faulk and loses puck.
15:46 of 1st period - Erik Karlsson is hit by Patrick Dwyer and loses puck.
15:52 of 1st period - Icing by Erik Karlsson.
15:53 of 1st period - Marcus Kruger wins face-off versus Patrik Elias in Canucks zone.
15:53 of 1st period - Marcus Kruger is hit by Dustin Brown.
16:28 of 1st period - Off-side.
16:29 of 1st period - Anze Kopitar wins face-off versus Adam Henrique in neutral zone.
17:55 of 1st period - Dustin Brown is hit by Andrei Markov and loses puck.
18:04 of 1st period - Shot by Phil Kessel.
18:04 of 1st period - Stopped by Jonathan Quick without a rebound.
18:05 of 1st period - Ryan Strome wins face-off versus Matt Cullen in Flames zone.
18:38 of 1st period - Shot by Ryan Kesler.
18:38 of 1st period - Shot Misses the Net.
19:40 of 1st period - Shot by Patrik Elias.
19:40 of 1st period - Stopped by Henrik Lundqvist without a rebound.
19:41 of 1st period - Patrik Elias wins face-off versus Claude Giroux in Canucks zone.
19:41 of 1st period - Patrik Elias is hit by Brent Burns.
Goals for this period are 0 for Canucks vs 0 for Flames.
Shots for this period are 10 for Canucks vs 5 for Flames.

2nd period


0:01 of 2nd period - Anze Kopitar wins face-off versus Claude Giroux in neutral zone.
0:16 of 2nd period - Shot by Alex Tanguay.
0:16 of 2nd period - Stopped by Henrik Lundqvist without a rebound.
0:17 of 2nd period - Mike Cammalleri wins face-off versus Adam Henrique in Canucks zone.
0:50 of 2nd period - Shot by Jimmy Hayes.
0:50 of 2nd period - Deflect By Logan Couture.
0:50 of 2nd period - Shot Misses the Net.
0:56 of 2nd period - Shot by Jimmy Hayes.
0:56 of 2nd period - Shot Misses the Net.
1:24 of 2nd period - Shot by Claude Giroux.
1:24 of 2nd period - Shot Misses the Net.
1:36 of 2nd period - Shot by Alex Tanguay.
1:36 of 2nd period - Stopped by Henrik Lundqvist without a rebound.
1:37 of 2nd period - Ryan Strome wins face-off versus Ryan Kesler in Canucks zone.
1:37 of 2nd period - Ryan Strome is hit by Ryan Kesler.
2:17 of 2nd period - Shot by Ryan Strome.
2:17 of 2nd period - Shot Misses the Net.
2:19 of 2nd period - Shot by Alex Pietrangelo.
2:19 of 2nd period - Shot Blocked by Ladislav Smid.
2:21 of 2nd period - Shot by Ryan Strome.
2:21 of 2nd period - Shot Hit the Post.
2:37 of 2nd period - Icing by Andrei Markov.
2:38 of 2nd period - Anze Kopitar wins face-off versus Claude Giroux in Canucks zone.
2:38 of 2nd period - Anze Kopitar is hit by Brent Burns.
2:42 of 2nd period - Shot by Alex Tanguay.
2:42 of 2nd period - Shot Misses the Net.
2:54 of 2nd period - Icing by Anze Kopitar.
2:55 of 2nd period - Anze Kopitar wins face-off versus Adam Henrique in Flames zone.
2:55 of 2nd period - Anze Kopitar is hit by Logan Couture.
3:04 of 2nd period - Major / Game Misconduct Penalty to Jimmy Hayes for Checking from behind.
3:04 of 2nd period - Jimmy Hayes is ejected from game.
3:05 of 2nd period - Marcus Kruger wins face-off versus Anze Kopitar in Canucks zone.
3:05 of 2nd period - Andrei Markov is hit by Alex Tanguay and loses puck.
3:38 of 2nd period - Shot by Erik Johnson.
3:38 of 2nd period - Shot Misses the Net.
3:40 of 2nd period - Shot by Thomas Hickey.
3:40 of 2nd period - Shot Misses the Net.
3:42 of 2nd period - Shot by Anze Kopitar.
3:42 of 2nd period - Stopped by Henrik Lundqvist without a rebound.
3:43 of 2nd period - Ryan Kesler wins face-off versus Adam Henrique in Canucks zone.
3:52 of 2nd period - Shot by Matt Cullen.
3:52 of 2nd period - Stopped by Henrik Lundqvist without a rebound.
3:53 of 2nd period - Marcus Kruger wins face-off versus Ryan Kesler in Canucks zone.
4:04 of 2nd period - Shot by Matt Cullen.
4:04 of 2nd period - Goal by Matt Cullen - Canucks : 0 - Flames : 1.
4:05 of 2nd period - Anze Kopitar wins face-off versus Marcus Kruger in neutral zone.
4:47 of 2nd period - Shot by Patrik Elias.
4:47 of 2nd period - Goal by Patrik Elias - Canucks : 0 - Flames : 2.
4:48 of 2nd period - Ryan Kesler wins face-off versus Marcus Kruger in neutral zone.
5:07 of 2nd period - Shot by Ryan Kesler.
5:07 of 2nd period - Shot Blocked by Andrei Markov.
5:15 of 2nd period - Shot by Dustin Brown.
5:15 of 2nd period - Shot Misses the Net.
5:27 of 2nd period - Shot by Ryan Kesler.
5:27 of 2nd period - Shot Blocked by Alex Pietrangelo.
5:55 of 2nd period - Shot by Erik Johnson.
5:55 of 2nd period - Stopped by Henrik Lundqvist without a rebound.
5:56 of 2nd period - Adam Henrique wins face-off versus Patrik Elias in Canucks zone.
6:53 of 2nd period - Jack Johnson is hit by Matt Cooke and loses puck.
7:47 of 2nd period - Adam Henrique is hit by Ryan Kesler and loses puck.
8:02 of 2nd period - Shot by Matt Cullen.
8:02 of 2nd period - Deflect By Ryan Kesler.
8:02 of 2nd period - Shot Misses the Net.
8:10 of 2nd period - Shot by Andrew Miller.
8:10 of 2nd period - Stopped by Henrik Lundqvist without a rebound.
8:11 of 2nd period - Claude Giroux wins face-off versus Anze Kopitar in Canucks zone.
8:15 of 2nd period - Icing by Erik Karlsson.
8:16 of 2nd period - Patrik Elias wins face-off versus Claude Giroux in Canucks zone.
8:39 of 2nd period - Shot by Phil Kessel.
8:39 of 2nd period - Stopped by Jonathan Quick without a rebound.
8:40 of 2nd period - Matt Cullen wins face-off versus Ryan Strome in Flames zone.
8:58 of 2nd period - Icing by Erik Johnson.
8:59 of 2nd period - Claude Giroux wins face-off versus Matt Cullen in Flames zone.
8:59 of 2nd period - Erik Karlsson is hit by Erik Johnson and loses puck.
9:03 of 2nd period - Icing by Erik Johnson.
9:04 of 2nd period - Claude Giroux wins face-off versus Matt Cullen in Flames zone.
9:19 of 2nd period - Shot by Ryan Johansen.
9:19 of 2nd period - Shot Blocked by Justin Faulk.
9:59 of 2nd period - Alex Tanguay is hit by Ryan Johansen and loses puck.
10:47 of 2nd period - Shot by Mike Cammalleri.
10:47 of 2nd period - Deflect By Patrik Elias.
10:47 of 2nd period - Shot Misses the Net.
10:49 of 2nd period - Shot by Patrik Elias.
10:49 of 2nd period - Shot Blocked by Andrei Markov.
10:51 of 2nd period - Shot by Stephane Robidas.
10:51 of 2nd period - Goal by Stephane Robidas - Canucks : 0 - Flames : 3.
10:51 of 2nd period - Dustin Tokarski enters game.
10:52 of 2nd period - Patrik Elias wins face-off versus Ryan Strome in neutral zone.
11:05 of 2nd period - Shot by Dustin Brown.
11:05 of 2nd period - Deflect By Patrik Elias.
11:05 of 2nd period - Stopped by Dustin Tokarski without a rebound.
11:06 of 2nd period - Ryan Strome wins face-off versus Matt Cullen in Canucks zone.
11:37 of 2nd period - Icing by Erik Johnson.
11:38 of 2nd period - Matt Cullen wins face-off versus Claude Giroux in Flames zone.
12:41 of 2nd period - Shot by Logan Couture.
12:41 of 2nd period - Stopped by Jonathan Quick without a rebound.
12:42 of 2nd period - Patrik Elias wins face-off versus Matt Cooke in Flames zone.
12:42 of 2nd period - Patrik Elias is hit by Chris Kreider.
12:56 of 2nd period - Mike Cammalleri is hit by Chris Kreider and loses puck.
13:15 of 2nd period - Shot by Jonas Brodin.
13:15 of 2nd period - Stopped by Jonathan Quick without a rebound.
13:16 of 2nd period - Anze Kopitar wins face-off versus Adam Henrique in Flames zone.
13:27 of 2nd period - Shot by Alex Tanguay.
13:27 of 2nd period - Shot Misses the Net.
15:10 of 2nd period - Icing by Matt Cullen.
15:11 of 2nd period - Matt Cullen wins face-off versus Claude Giroux in Flames zone.
16:08 of 2nd period - Minor Penalty to Ladislav Smid for Interference.
16:08 of 2nd period - Minor Penalty to Chris Kreider for Roughing.
16:09 of 2nd period - Alex Tanguay wins face-off versus Marcus Kruger in Flames zone.
16:55 of 2nd period - Justin Faulk is hit by Reilly Smith and loses puck.
17:41 of 2nd period - Icing by Justin Faulk.
17:42 of 2nd period - Claude Giroux wins face-off versus Alex Tanguay in Flames zone.
18:16 of 2nd period - Icing by Stephane Robidas.
18:17 of 2nd period - Patrik Elias wins face-off versus Adam Henrique in Flames zone.
18:22 of 2nd period - Shot by Mike Cammalleri.
18:22 of 2nd period - Stopped by Dustin Tokarski without a rebound.
18:23 of 2nd period - Adam Henrique wins face-off versus Patrik Elias in Canucks zone.
19:00 of 2nd period - Shot by Dustin Brown.
19:00 of 2nd period - Stopped by Dustin Tokarski without a rebound.
19:01 of 2nd period - Ryan Strome wins face-off versus Matt Cullen in Canucks zone.
19:08 of 2nd period - Matt Cullen is hit by Ryan Strome and loses puck.
19:25 of 2nd period - Brent Burns is hit by Barret Jackman and loses puck.
19:28 of 2nd period - Shot by Matt Cooke.
19:28 of 2nd period - Shot Hit the Post.
19:32 of 2nd period - Shot by Ryan Strome.
19:32 of 2nd period - Shot Misses the Net.
19:35 of 2nd period - Icing by Thomas Hickey.
19:36 of 2nd period - Matt Cullen wins face-off versus Ryan Johansen in Flames zone.
19:49 of 2nd period - Shot by Ryan Johansen.
19:49 of 2nd period - Stopped by Jonathan Quick without a rebound.
19:50 of 2nd period - Patrik Elias wins face-off versus Adam Henrique in Flames zone.
Goals for this period are 0 for Canucks vs 3 for Flames.
Shots for this period are 4 for Canucks vs 12 for Flames.

3rd period


0:01 of 3rd period - Phil Kessel wins face-off versus Anze Kopitar in neutral zone.
0:37 of 3rd period - Ryan Johansen is hit by Justin Faulk and loses puck.
0:41 of 3rd period - Minor Penalty to Justin Faulk for Hooking.
0:42 of 3rd period - Patrik Elias wins face-off versus Ryan Strome in Flames zone.
0:59 of 3rd period - Shot by Adam Henrique.
0:59 of 3rd period - Shot Blocked by Jack Johnson.
1:03 of 3rd period - Shot by Ryan Strome.
1:03 of 3rd period - Stopped by Jonathan Quick without a rebound.
1:04 of 3rd period - Alex Tanguay wins face-off versus Claude Giroux in Flames zone.
1:33 of 3rd period - Shot by Claude Giroux.
1:33 of 3rd period - Shot Blocked by Alex Tanguay.
1:35 of 3rd period - Shot by Logan Couture.
1:35 of 3rd period - Shot Misses the Net.
1:37 of 3rd period - Shot by Andrei Markov.
1:37 of 3rd period - Shot Misses the Net.
1:39 of 3rd period - Shot by Claude Giroux.
1:39 of 3rd period - Deflect By Ryan Johansen.
1:39 of 3rd period - Shot Blocked by Thomas Hickey.
2:09 of 3rd period - Shot by Erik Karlsson.
2:09 of 3rd period - Shot Misses the Net.
2:11 of 3rd period - Shot by Brent Burns.
2:11 of 3rd period - Shot Misses the Net.
3:43 of 3rd period - Matt Cooke is hit by Stephane Robidas and loses puck.
4:18 of 3rd period - Shot by Logan Couture.
4:18 of 3rd period - Stopped by Jonathan Quick without a rebound.
4:19 of 3rd period - Alex Tanguay wins face-off versus Adam Henrique in Flames zone.
4:29 of 3rd period - Shot by Alex Tanguay.
4:29 of 3rd period - Shot Misses the Net.
4:31 of 3rd period - Shot by Jack Johnson.
4:31 of 3rd period - Stopped by Dustin Tokarski with a rebound.
4:33 of 3rd period - Shot by Jack Johnson.
4:33 of 3rd period - Stopped by Dustin Tokarski without a rebound.
4:34 of 3rd period - Claude Giroux wins face-off versus Patrik Elias in Canucks zone.
5:13 of 3rd period - Barret Jackman is hit by Claude Giroux and loses puck.
5:50 of 3rd period - Shot by Erik Johnson.
5:50 of 3rd period - Shot Misses the Net.
5:52 of 3rd period - Shot by Anze Kopitar.
5:52 of 3rd period - Deflect By Alex Tanguay.
5:52 of 3rd period - Goal by Alex Tanguay - Canucks : 0 - Flames : 4.
5:53 of 3rd period - Ryan Strome wins face-off versus Anze Kopitar in neutral zone.
6:16 of 3rd period - Shot by Ryan Strome.
6:16 of 3rd period - Goal by Ryan Strome - Canucks : 1 - Flames : 4.
6:17 of 3rd period - Matt Cullen wins face-off versus Marcus Kruger in neutral zone.
6:39 of 3rd period - Icing by Andrei Markov.
6:40 of 3rd period - Marcus Kruger wins face-off versus Anze Kopitar in Canucks zone.
7:23 of 3rd period - Justin Faulk is hit by Alex Pietrangelo.
8:06 of 3rd period - Shot by Mike Cammalleri.
8:06 of 3rd period - Shot Blocked by Claude Giroux.
8:41 of 3rd period - Shot by Ryan Kesler.
8:41 of 3rd period - Shot Blocked by Erik Karlsson.
8:43 of 3rd period - Shot by Ryan Kesler.
8:43 of 3rd period - Shot Misses the Net.
8:48 of 3rd period - Icing by Erik Karlsson.
8:49 of 3rd period - Anze Kopitar wins face-off versus Claude Giroux in Canucks zone.
8:49 of 3rd period - Alex Tanguay is hit by Erik Karlsson and loses puck.
9:01 of 3rd period - Alex Tanguay is hit by Erik Karlsson.
9:15 of 3rd period - Shot by Justin Faulk.
9:15 of 3rd period - Shot Blocked by Erik Karlsson.
9:17 of 3rd period - Shot by Erik Johnson.
9:17 of 3rd period - Shot Hit the Post.
9:35 of 3rd period - Icing by Alex Pietrangelo.
9:36 of 3rd period - Claude Giroux wins face-off versus Patrik Elias in Canucks zone.
9:52 of 3rd period - Shot by Dustin Brown.
9:52 of 3rd period - Stopped by Dustin Tokarski without a rebound.
9:53 of 3rd period - Matt Cullen wins face-off versus Adam Henrique in Canucks zone.
9:53 of 3rd period - Matt Cullen is hit by Andrei Markov.
10:04 of 3rd period - Andrew Miller is hit by Brent Burns and loses puck.
10:23 of 3rd period - Shot by Logan Couture.
10:23 of 3rd period - Shot Misses the Net.
10:55 of 3rd period - Andrew Miller is hit by Chris Kreider and loses puck.
10:59 of 3rd period - Stephane Robidas is hit by Simon Despres and loses puck.
11:24 of 3rd period - Shot by Anze Kopitar.
11:24 of 3rd period - Shot Blocked by Chris Kreider.
11:26 of 3rd period - Shot by Justin Faulk.
11:26 of 3rd period - Stopped by Dustin Tokarski without a rebound.
11:27 of 3rd period - Mike Cammalleri wins face-off versus Marcus Kruger in Canucks zone.
11:49 of 3rd period - Off-side.
11:50 of 3rd period - Anze Kopitar wins face-off versus Adam Henrique in neutral zone.
12:13 of 3rd period - Shot by Ryan Strome.
12:13 of 3rd period - Stopped by Jonathan Quick without a rebound.
12:14 of 3rd period - Patrik Elias wins face-off versus Marcus Kruger in Flames zone.
12:26 of 3rd period - Andrei Markov is hit by Jack Johnson and loses puck.
12:34 of 3rd period - Marcus Kruger is hit by Jack Johnson and loses puck.
12:42 of 3rd period - Minor Penalty to Jack Johnson for Goalie Interference.
12:43 of 3rd period - Alex Tanguay wins face-off versus Claude Giroux in Flames zone.
14:15 of 3rd period - Shot by Adam Henrique.
14:15 of 3rd period - Shot Misses the Net.
14:17 of 3rd period - Shot by Andrei Markov.
14:17 of 3rd period - Stopped by Jonathan Quick without a rebound.
14:18 of 3rd period - Claude Giroux wins face-off versus Alex Tanguay in Flames zone.
14:37 of 3rd period - Shot by Erik Karlsson.
14:37 of 3rd period - Shot Blocked by Alex Tanguay.
15:20 of 3rd period - Shot by Jonas Brodin.
15:20 of 3rd period - Shot Misses the Net.
15:22 of 3rd period - Shot by Jonas Brodin.
15:22 of 3rd period - Shot Hit the Post.
15:59 of 3rd period - Ryan Strome is hit by Erik Johnson and loses puck.
16:16 of 3rd period - Shot by Justin Faulk.
16:16 of 3rd period - Shot Misses the Net.
16:31 of 3rd period - Icing by Alex Pietrangelo.
16:32 of 3rd period - Ryan Strome wins face-off versus Anze Kopitar in Canucks zone.
17:05 of 3rd period - Shot by Claude Giroux.
17:05 of 3rd period - Shot Misses the Net.
17:13 of 3rd period - Shot by Ryan Johansen.
17:13 of 3rd period - Goal by Ryan Johansen - Canucks : 2 - Flames : 4.
17:14 of 3rd period - Adam Henrique wins face-off versus Matt Cullen in neutral zone.
17:28 of 3rd period - Shot by Adam Henrique.
17:28 of 3rd period - Stopped by Jonathan Quick without a rebound.
17:29 of 3rd period - Marcus Kruger wins face-off versus Mike Cammalleri in Flames zone.
17:30 of 3rd period - Shot by Dmitrij Jaskin.
17:30 of 3rd period - Stopped by Jonathan Quick without a rebound.
17:31 of 3rd period - Claude Giroux wins face-off versus Patrik Elias in Flames zone.
17:32 of 3rd period - Shot by Phil Kessel.
17:32 of 3rd period - Shot Misses the Net.
18:04 of 3rd period - Icing by Brent Burns.
18:05 of 3rd period - Anze Kopitar wins face-off versus Claude Giroux in Canucks zone.
18:20 of 3rd period - Minor Penalty to Brent Burns for Hooking.
18:21 of 3rd period - Ryan Kesler wins face-off versus Marcus Kruger in Canucks zone.
18:21 of 3rd period - Dustin Brown is hit by Simon Despres and loses puck.
19:26 of 3rd period - Shot by Adam Henrique.
19:26 of 3rd period - Stopped by Jonathan Quick without a rebound.
19:27 of 3rd period - Anze Kopitar wins face-off versus Adam Henrique in Flames zone.
Goals for this period are 2 for Canucks vs 1 for Flames.
Shots for this period are 9 for Canucks vs 5 for Flames.